 Dungeon Crawl Stone Soup version 0.27-a0-1071-ga85bd9520d (webtiles) character file.

Game seed: 2487861527881990424

21 Anon1729 the Skirmisher (level 2, -3/36 HPs)
             Began as a Demonspawn Berserker on Apr 24, 2021.
             Was a Follower of Trog.
             Slain by a gnoll
             ... wielding a +0 flail
              (4 damage)
             ... on level 1 of the Dungeon.
             The game lasted 00:00:45 (1245 turns).

Anon1729 the Skirmisher (Demonspawn Berserker)      Turns: 1245, Time: 00:00:45

Health: -3/36      AC: 10    Str: 17    XL:     2   Next: 62%
Magic:  2/2        EV:  0    Int:  8    God:    Trog [*.....]
Gold:   38         SH: 11    Dex: 12    Spells: 1/1 levels left

rFire    . . .     SeeInvis .   a - +0 hand axe
rCold    . . .     Faith    .   d - +0 tower shield
rNeg     . . .     Spirit   .   c - +0 plate armour
rPois    .         Reflect  .   (helmet restricted)
rElec    .         Harm     .   (no cloak)
rCorr    .         Rampage  .   (no gloves)
Will     .....                  (no boots)
Stlth    ..........             (no amulet)
HPRegen  0.12/turn              (no ring)
MPRegen  0.08/turn              (no ring)

@: berserking, very quick
A: antennae 1
a: Renounce Religion, Berserk


You were on level 1 of the Dungeon.
You worshipped Trog.
Trog was aware of your devotion.
You visited 1 branch of the dungeon, and saw 2 of its levels.

You collected 38 gold pieces.

Inventory:

Hand Weapons
 a - a +0 hand axe (weapon)
Armour
 b - a +0 animal skin
 c - a +0 plate armour (worn)
 d - a +0 tower shield (worn)


   Skills:
 + Level 3.2 Fighting
 + Level 3.0 Axes
 + Level 2.1 Armour
 + Level 2.1 Dodging


You had one spell level left.
You didn't know any spells.
Your spell library was empty.

Dungeon Overview and Level Annotations

Branches:
Dungeon (2/15)

Altars:

Annotations:
D:2 Terence


Innate Abilities, Weirdness & Mutations

You have a pair of small antennae on your head.


Message History

You block the gnoll's attack. The gnoll hits you with a +0 flail.
The gnoll hits you but does no damage. You block the quokka's attack.
You block the gnoll's attack. The dart slug bites you.
You hit the gnoll.
The gnoll is severely wounded.
You hit the dart slug. You hit the quokka but do no damage. You hit the gnoll.
You block the gnoll's attack. You block the quokka's attack.
The gnoll hits you from afar with a +0 spear.
You block the gnoll's attack. The gnoll hits you but does no damage.
The quokka bites you but does no damage.
The gnoll hits you from afar with a +0 spear.
A worm comes into view.
The dart slug bites you but does no damage.
The gnoll completely misses you.
A gnoll comes into view. It is wielding a +0 whip.
You are too injured to fight recklessly!
You are too injured to fight recklessly!
You are too injured to fight recklessly!
You are too injured to fight recklessly!
You are too injured to fight recklessly!
You are too injured to fight recklessly!
You are too injured to fight recklessly!
You are too injured to fight recklessly!
You are too injured to fight recklessly!
You block the quokka's attack.
The gnoll hits you from afar with a +0 spear.
* * * LOW HITPOINT WARNING * * *
There is a stone staircase leading up here.
The quokka bites you.
* * * LOW HITPOINT WARNING * * *
The gnoll hits you with a +0 flail.
* * * LOW HITPOINT WARNING * * *
You block the gnoll's attack. The gnoll hits you but does no damage.
You block the quokka's attack.
You climb upwards.
There is a stone staircase leading down here.
A red film seems to cover your vision as you go berserk!
You feel yourself moving faster!
You feel mighty! The gnoll hits you with a +0 flail.
You die...

...................#.#####
..##########.#.#.#.#.# ..#
#.......#.# ..#
###...###.############ ..#
##.................. ..#
#..################ ..#
#..# # ..# #g.# ..# #r@#
..# #### ..# ###


You could see a gnoll and a quokka.

Vanquished Creatures
  2 dart slugs (D:1)
  2 endoplasms (D:1)
  A giant cockroach (D:1)
  2 goblins (D:1)
  A hobgoblin (D:1)
  2 quokkas (D:1)
  3 frilled lizards (D:1)
  3 kobolds
16 creatures vanquished.

Notes
Turn   | Place    | Note
-------+----------+-------------------------------------------
     0 | D:1      | Anon1729 the Demonspawn Berserker began the quest for the
                  | Orb.
     0 | D:1      | Reached XP level 1. HP: 18/18 MP: 1/1
   346 | D:1      | Gained mutation: You have a pair of small antennae on your
                  | head. [demonic ancestry]
   346 | D:1      | Reached XP level 2. HP: 14/24 MP: 2/2
  1238 | D:2      | Noticed Terence
  1243 | D:2      | HP: 1/24 [gnoll/+0 flail (4)]
  1245 | D:1      | Slain by a gnoll

Illustrated notes

Levels and vault maps discovered:
D:1:      dpeg_arrival_court, layout_basic
D:2:      layout_basic, chequers_serial_rivers_micro_d, minmay_ruptured,
          uniq_natasha, uniq_terence

Skill      XL: |  1  2 |
---------------+-------+-----
Armour         | 2 |  2.1
Dodging        | 2 |  2.1
Axes           | 3 |  3.0
Fighting       | |  3.2

Action                   || total
-------------------------++-------
Melee: Hand axe          ||    64
Invok: Berserk           ||     2
 Stab: Distracted        ||     1
Armor: Plate armour      ||    21
       Animal skin       ||     1
Dodge: Dodged            ||    27
Block: Tower shield      ||    14

Table legend: (Time is in decaauts)
 A = Elapsed time spent in this place.
 B = Non-inter-level travel time spent in this place.
 C = Inter-level travel time spent in this place.
 D = Time resting spent in this place.
 E = Time spent auto-exploring this place.
 F = Levels seen in this place.
 G = Mean time per level.
                   A        B        C        D        E       F      G
               +--------+--------+--------+--------+--------+-----+--------+
         Total |   1271 |   1229 |     42 |      1 |   1061 |   2 |  635.5 |
       Dungeon |   1271 |   1229 |     42 |      1 |   1061 |   2 |  635.5 |
               +--------+--------+--------+--------+--------+-----+--------+

Top non-repeatable levels by time:
     D:1: 1256 daAuts
     D:2: 15 daAuts
